 Dungeon Crawl Stone Soup version 0.30.1-11-g7821555f0a (webtiles) character file.

Game seed: 9511764364151220366

8 monsoonserge the Grasshopper (level 2, -6/22 HPs)
             Began as a Demonspawn Warper on Dec 10, 2023.
             Mangled by a worm (8 damage)
             ... on level 1 of the Dungeon.
             The game lasted 00:01:33 (758 turns).

monsoonserge the Grasshopper (Demonspawn Warper)     Turns: 758, Time: 00:01:33

Health: -6/22      AC:  3    Str: 11    XL:     2   Next: 0%
Magic:  5/5        EV: 11    Int: 20    God:
Gold:   25         SH:  0    Dex: 12    Spells: 5/5 levels left

rFire   . . .        a - +0 falchion
rCold   . . .        (no shield)
rNeg    . . .        b - +0 leather armour
rPois   .            (no helmet)
rElec   .            g - scarf {repulsion}
rCorr   +            (no gloves)
SInv    .            (no boots)
Will    .....        (no amulet)
Stlth   +            j - +6 ring of intelligence
HPRegen 0.23/turn    l - ring of resist corrosion
MPRegen 0.09/turn

%: repel missiles
@: no status effects
A: powered by death 1
a: no special abilities


You were on level 1 of the Dungeon.
You visited 1 branch of the dungeon, and saw 2 of its levels.

You collected 25 gold pieces.

Inventory:

Hand Weapons
 a - a +0 falchion (weapon)
Missiles
 d - 7 boomerangs of dispersal (quivered)
Armour
 b - a +0 leather armour (worn)
 g - a scarf of repulsion (worn)
Jewellery
 j - a +6 ring of intelligence (left hand)
 l - a ring of resist corrosion (right hand)
Scrolls
 c - a scroll of blinking
 h - a scroll of teleportation {unknown}
 i - a scroll of fog {unknown}
 k - a scroll of identify {unknown}
 m - a scroll of acquirement {unknown}
Potions
 e - a potion of berserk rage {unknown}
 f - 4 potions of curing {unknown}


   Skills:
 + Level 2.1 Fighting
 + Level 1.8 Long Blades
 + Level 0.8 Throwing
 + Level 0.8 Armour
 + Level 1.9 Dodging
 + Level 2.2 Spellcasting
 + Level 2.8 Translocations


You had 5 spell levels left.
You didn't know any spells.
Your spell library contained the following spells:

 Spells                   Type           Power      Damage    Failure   Level
 Blink                    Tloc           26%        N/A       10%         2
 Lesser Beckoning         Tloc           26%        N/A       10%         2
 Teleport Other           Tloc           13%        N/A       19%         3
 Static Discharge         Conj/Air       4%         2-3/arc   30%         2
 Vhi's Electric Charge    Tloc/Air       14%        N/A       34%         3
 Manifold Assault         Tloc           13%        N/A       54%         4
 Airstrike                Air            1%         2d(1-17)  90%         4
 Summon Lightning Spire   Summ/Air       2%         N/A       90%         4


Dungeon Overview and Level Annotations

Branches:
Dungeon (2/15)

Altars:


Innate Abilities, Weirdness & Mutations

You regenerate a little health from kills.


Message History

You have reached level 2!
Your demonic ancestry asserts itself...
A wave of death washes over you.
Done exploring.
Done exploring.
Done exploring.
There is a stone staircase leading down here.
You climb downwards.
There is a stone staircase leading up here.
You hit the worm but do no damage. You hit the worm.
The worm is moderately wounded.
The worm bites you.
You hit the worm but do no damage.
The worm is moderately wounded.
The worm bites you.
You climb upwards.
There is a stone staircase leading down here.
You hit the worm.
The worm is moderately wounded.
The worm bites you.
You hit the worm.
The worm is moderately wounded.
The worm bites you!
* * * LOW HITPOINT WARNING * * *
You hit the worm.
The worm is heavily wounded.
The worm bites you.
You hit the worm but do no damage. You hit the worm.
The worm is moderately wounded.
The worm completely misses you.
You hit the worm but do no damage.
The worm is lightly wounded.
You hit the worm.
The worm is moderately wounded.
The worm bites you!
* * * LOW HITPOINT WARNING * * *
The worm bites you!
You die...

#.# #.# #.# #.# ######## ######.#
#.# #......# #..†...# #.#
#.####.# #.######## #.####.#..#.#
#.#......# #.##......#[#
#.#......### #.........#.####
#.#........########......#....##
##.#........##..@w.#.>....#.....#
...#........##.##.##............#
.#.#......####.#...#.#....#.....#
..........#....#####.#....#.....#
##.#....w............#.##.#.....#
...#......#.#########...#.#.....#
####................'.....###'#..
####.#......##..#####...### #.###
#....#......#...# ##### #.###


You could see a worm.

Vanquished Creatures
  A hobgoblin (D:1)
  3 jackals (D:1)
  A ball python (D:1)
  3 frilled lizards (D:1)
8 creatures vanquished.

Notes
Turn   | Place    | Note
-------+----------+-------------------------------------------
     0 | D:1      | monsoonserge the Demonspawn Warper began the quest for the
                  | Orb.
     0 | D:1      | Reached XP level 1. HP: 16/16 MP: 3/3
   199 | D:1      | Found a faded altar of an unknown god.
   609 | D:1      | Gained mutation: You regenerate a little health from kills.
                  | [demonic ancestry]
   609 | D:1      | Reached XP level 2. HP: 20/22 MP: 5/5
   758 | D:1      | Mangled by a worm

Illustrated notes

Levels and vault maps discovered:
D:1:      scummos_arrival_checkerplants, layout_basic,
          ebering_ecumenical_altar_hall
D:2:      layout_loops_cross

Action                     || total
---------------------------++-------
  Melee: Falchion          ||    40
 Armour: Leather armour    ||    13
  Dodge: Dodged            ||    20
